 Dungeon Crawl Stone Soup version 0.31-a0-840-g6d2ecbb638 (webtiles) character file.

Game seed: 257961593041602194

57 Ijustatesigmund the Firebug (level 3, -6/20 HPs)
             Began as a Deep Elf Fire Elementalist on Sept 27, 2023.
             Mangled by Sigmund
             ... wielding a +0 scythe
              (11 damage)
             ... on level 2 of the Dungeon.
             The game lasted 00:01:59 (2303 turns).

Ijustatesigmund the Firebug (DEFE)                  Turns: 2303, Time: 00:02:00

Health: -6/20      AC:  2    Str:  5    XL:     3   Next: 73%
Magic:  6/10       EV: 12    Int: 21    God:
Gold:   133        SH:  0    Dex: 15    Spells: 6/9 levels left

rFire   . . .        h - +3 dagger
rCold   . . .        (no shield)
rNeg    . . .        a - +0 robe
rPois   .            (no helmet)
rElec   .            (no cloak)
rCorr   .            (no gloves)
SInv    .            (no boots)
Will    +....        (no amulet)
Stlth   ++           m - ring of willpower
HPRegen 0.23/turn    (no ring)
MPRegen 0.12/turn

%: no passive effects
@: no status effects
A: no striking features
a: no special abilities


You were on level 2 of the Dungeon.
You visited 1 branch of the dungeon, and saw 2 of its levels.

You collected 133 gold pieces.

Inventory:

Hand Weapons
 h - a +3 dagger (weapon)
Armour
 a - a +0 robe (worn)
Magical Staves
 n - a staff of earth
Jewellery
 m - a ring of willpower (left hand)
 p - a +4 ring of slaying
Scrolls
 c - a scroll of noise {unknown}
 e - a scroll of enchant armour {unknown}
 g - a scroll of fear {unknown}
 i - 3 scrolls of teleportation {unknown}
 j - 2 scrolls of identify {unknown}
Potions
 b - 2 potions of magic
 d - a potion of heal wounds {unknown}
 f - a potion of ambrosia {unknown}
 k - a potion of enlightenment {unknown}
 l - 2 potions of attraction {unknown}
 o - a potion of curing {unknown}


   Skills:
 + Level 1.0 Fighting
 - Level 2.5 Dodging
 - Level 2.6 Stealth
 + Level 3.7 Spellcasting
 + Level 2.1 Conjurations
 + Level 3.8 Fire Magic


You had 6 spell levels left.
You knew the following spells:

 Your Spells              Type           Power      Damage    Failure   Level
a - Foxfire               Conj/Fire      64%        2x1d7     3%          1
b - Scorch                Fire           38%        2d6       3%          2

Your spell library contained the following spells:

 Spells                   Type           Power      Damage    Failure   Level
 Freeze                   Ice            12%        1d3       12%         1
 Inner Flame              Hex/Fire       11%        N/A       17%         3
 Volatile Blastmotes      Fire/Tloc      22%        2d11      17%         3
 Lesser Beckoning         Tloc           6%         N/A       19%         2
 Hailstorm                Conj/Ice       8%         3d4       24%         3
 Flame Wave               Conj/Fire      16%        2d7       34%         4
 Frozen Ramparts          Ice            6%         1d1       36%         3
 Gell's Gravitas          Tloc           3%         N/A       36%         3
 Teleport Other           Tloc           3%         N/A       36%         3


Dungeon Overview and Level Annotations

Branches:
Dungeon (2/15)

Altars:
Sif Muna

Annotations:
D:2 Sigmund


Message History

Casting: Scorch (safe; 3% risk of failure)
Confirm with . or Enter, or press ? or * to list all spells.
You can't see any susceptible monsters within range! (Use Z to cast anyway.)
Casting: Scorch (safe; 3% risk of failure)
Confirm with . or Enter, or press ? or * to list all spells.
You conjure some foxfire!
Casting: Foxfire (safe; 3% risk of failure)
Confirm with . or Enter, or press ? or * to list all spells.
You conjure some foxfire!
The foxfire hits the giant cockroach but does no damage.
Your magical contamination has completely faded away.
The foxfire hits the giant cockroach.
The giant cockroach is heavily wounded.
Casting: Foxfire (safe; 3% risk of failure)
Confirm with . or Enter, or press ? or * to list all spells.
You conjure some foxfire!
The giant cockroach bites you.
The foxfire hits the giant cockroach.
You kill the giant cockroach!
HP restored.
o - a smoky yellow potion You now have 133 gold pieces (gained 6).
p - a +4 ring of slaying Sigmund the Dreaded comes into view.
He is wielding a +0 scythe.
Casting: Foxfire (safe; 3% risk of failure)
Confirm with . or Enter, or press ? or * to list all spells.
Flames lash Sigmund.
Sigmund is heavily wounded.
Sigmund's fire resistance burns away.
Sigmund gestures at you while chanting. The magic dart hits you!
Casting: Scorch (safe; 3% risk of failure)
Confirm with . or Enter, or press ? or * to list all spells.
Flames lash Sigmund.
Sigmund is burned terribly!
Sigmund is severely wounded.
Sigmund hits you from afar with a +0 scythe.
* * * LOW HITPOINT WARNING * * *
Sigmund hits you from afar with a +0 scythe!
Ouch! That really hurt!
You die...
Sigmund begins carving another notch in his scythe.

# ##.#.# #.# #.###.....##.#
##.## #.# #.# #.....##.# #.#
#.# #.# ###.####.# #.# #.#
#.# #...# #.# #.# #.# #.#
#.### #.# ## #.# #.# #.# #.#
#.# .######.####(###@# #.#
#.# ...........#..##.# #.#
#.#
##########.##.##@###.######.#
#.##.##............#
#.##.######.######## #.##.#
#.# #.##.# #.#### #.##.#
#....# #....# ####.# ###..#
#.# #..# #.#


You could see Sigmund (combustible).

Vanquished Creatures
  2 dart slugs (D:1)
  4 bats
  8 endoplasms
  2 giant cockroaches (D:2)
  2 goblins (D:1)
  5 hobgoblins
  4 jackals (D:1)
  8 kobolds
  2 quokkas (D:1)
  2 ball pythons (D:1)
  2 frilled lizards
  6 rats
47 creatures vanquished.

Vanquished Creatures (others)
  136 foxfires
136 creatures vanquished.

Grand Total: 183 creatures vanquished

Notes
Turn   | Place    | Note
-------+----------+-------------------------------------------
     0 | D:1      | Ijustatesigmund the Deep Elf Fire Elementalist began the
                  | quest for the Orb.
     0 | D:1      | Reached XP level 1. HP: 10/10 MP: 6/6
   138 | D:1      | Reached XP level 2. HP: 15/15 MP: 1/8
   223 | D:1      | Learned a level 2 spell: Scorch
   811 | D:1      | Reached XP level 3. HP: 20/20 MP: 6/10
  1412 | D:2      | Found a shimmering blue altar of Sif Muna.
  1616 | D:2      | Reached skill level 1 in Fighting
  2298 | D:2      | Noticed Sigmund
  2303 | D:2      | Mangled by Sigmund

Illustrated notes

Levels and vault maps discovered:
D:1:      elethiomel_arrival_infinity_welcomes_careful_drivers,
          layout_loops_ring
D:2:      layout_loops_ring, basic_altar, uniq_sigmund

Skill      XL: |  1  2  3 |
---------------+----------+-----
Conjurations   | 2 |  2.1
Fighting       | 1 |  1.0
Dodging        | |  2.5
Stealth        | |  2.6
Spellcasting   | |  3.7
Fire Magic     | |  3.8

Action                     || total
---------------------------++-------
   Cast: Foxfire           ||    83
         Scorch            ||    12
 Armour: Robe              ||     6
  Dodge: Dodged            ||     9

Table legend: (Time is in decaauts)
 A = Elapsed time spent in this place.
 B = Non-inter-level travel time spent in this place.
 C = Inter-level travel time spent in this place.
 D = Time resting spent in this place.
 E = Time spent auto-exploring this place.
 F = Levels seen in this place.
 G = Mean time per level.
                   A        B        C        D        E       F      G
               +--------+--------+--------+--------+--------+-----+--------+
         Total |   2301 |   2281 |     20 |     42 |   1950 |   2 | 1150.5 |
       Dungeon |   2301 |   2281 |     20 |     42 |   1950 |   2 | 1150.5 |
               +--------+--------+--------+--------+--------+-----+--------+

Top non-repeatable levels by time:
     D:1: 1371 daAuts
     D:2: 930 daAuts
